 Dungeon Crawl Stone Soup version 0.22.0 (webtiles) character file.

189 Matudinoluver the Chopper (level 5, -8/47 HPs)
             Began as a Minotaur Berserker on Sept 6, 2018.
             Was a Believer of Trog.
             Killed by nerve-wracking pain
             ... invoked by a shadow imp
              (10 damage)
             ... on level 3 of the Dungeon.
             The game lasted 00:21:53 (2360 turns).

Matudinoluver the Chopper (Minotaur Berserker)      Turns: 2360, Time: 00:21:54

Health: -8/47      AC: 11    Str: 23    XL:     5   Next: 40%
Magic:  4/4        EV:  9    Int:  4    God:    Trog [**....]
Gold:   197        SH:  0    Dex:  9    Spells: 4/4 levels left

rFire    . . .     SeeInvis .   s - +0 trident (freeze)
rCold    . . .     Gourm    .   (no shield)
rNeg     . . .     Faith    .   r - +0 chain mail
rPois    .         Spirit   .   (helmet restricted)
rElec    .         Reflect  .   m - +1 cloak
rCorr    .         Harm     .   (no gloves)
MR       .....                  (no boots)
Stlth    ..........             k - amulet of rage
HPRegen  0.15/turn              (no ring)
MPRegen  0.09/turn              (no ring)

@: berserk cooldown, slowed, very slow
A: retaliatory headbutt, horns 2
a: Berserk, Trog's Hand, Renounce Religion, Evoke Berserk Rage


You were on level 3 of the Dungeon.
You worshipped Trog.
Trog was pleased with you.
You were very hungry.

You visited 1 branch of the dungeon, and saw 3 of its levels.

You collected 197 gold pieces.

Inventory:

Hand Weapons
 a - a +1 hand axe
 b - a cursed -2 dagger
 g - a +0 dagger of draining
 s - a +0 trident of freezing (weapon)
 t - a +2 short sword of venom
Missiles
 e - 5 tomahawks
 j - 127 stones (quivered)
 p - 2 needles of paralysis
 q - 2 throwing nets
Armour
 l - a +0 leather armour
 m - a +1 cloak (worn)
 o - a +0 ring mail
 r - a +0 chain mail (worn)
Jewellery
 k - an amulet of rage (around neck)
Wands
 i - a wand of scattershot (3)
 n - a wand of polymorph (4)
 u - a wand of flame (36)
Scrolls
 h - 3 scrolls of teleportation
Potions
 d - 3 potions of lignification
 v - a potion of degeneration
Comestibles
 c - 6 rations


   Skills:
 + Level 4.8 Fighting
 + Level 5.7 Axes
 + Level 0.4(3.5) Polearms
 + Level 2.9 Armour
 + Level 3.2 Dodging


You had 4 spell levels left.
You didn't know any spells.
Your spell library was empty.

Dungeon Overview and Level Annotations

Branches:
Dungeon (3/15)

Altars:
Dithmenos
Nemelex Xobeh
Ru


Innate Abilities, Weirdness & Mutations

You reflexively headbutt those who attack you in melee.
You have a pair of horns on your head.


Message History

You kill the ufetubus!
Why would you want to do that?
Unknown command.
The red devil hits you from afar with a trident.
* * * LOW HITPOINT WARNING * * *
The shadow imp gestures at you. Pain shoots through your body!
* * * LOW HITPOINT WARNING * * *
Unknown command.
Unknown command.
You are too berserk!
Unknown command.
You feel a strong urge to attack something.
There is an open door here.
You are no longer berserk.
You are exhausted.
You feel yourself slow down. The shadow imp gestures at you.
Pain shoots through your body!
You die...

#...# #.#.# #.##. #...#
.... #.##.
################### #.##
#.### .............# #.##
#.# # ############.####..
#.# #
#.....5o#P8#.#...#.###.#
.#
#≈≈≈≈≈≈≈#.P#.#...#..##.#
..#
#..≈PP..#..#.....##.##.#
#..©
+..≈♣≈4.'@©#©....##..#.#
...
#..≈≈≈..#..#...........###
##
#≈≈≈≈≈≈≈#.P#.#............
#...5oK5#P8#.#.........###
###
############.#.........#
.<#
.............#.........#
###
##############.........#..
#........>...
###.......#..


You could see a kobold demonologist, a red devil, 2 orc priests and 3 shadow
imps.

Vanquished Creatures
  Jessica (D:3)
  Ijyb (D:3)
  7 adders
  2 oozes
  A worm (D:2)
  A dart slug (D:2)
  3 leopard geckos
  An orc (D:3)
  A ball python (D:3)
  2 giant cockroaches
  9 hobgoblins
  5 jackals (D:3)
  6 kobolds
  3 bats
  A frilled lizard (D:3)
  9 goblins
  6 rats
59 creatures vanquished.

Notes
Turn   | Place    | Note
-------+----------+-------------------------------------------
     0 | D:1      | Matudinoluver the Minotaur Berserker began the quest for the Orb.
     0 | D:1      | Reached XP level 1. HP: 19/19 MP: 0/0
   376 | D:1      | Reached skill level 4 in Axes
   376 | D:1      | Reached XP level 2. HP: 27/27 MP: 1/1
   905 | D:2      | Reached XP level 3. HP: 14/33 MP: 2/2
   910 | D:2      | Found a shadowy altar of Dithmenos.
  1013 | D:2      | Found a sacrificial altar of Ru.
  1116 | D:2      | Found a sparkling altar of Nemelex Xobeh.
  1447 | D:2      | Reached XP level 4. HP: 41/41 MP: 3/3
  1450 | D:2      | Reached ** piety under Trog
  1467 | D:2      | Reached skill level 5 in Axes
  1791 | D:3      | Noticed Jessica
  1794 | D:3      | Killed Jessica
  1863 | D:3      | Reached XP level 5. HP: 43/47 MP: 4/4
  1987 | D:3      | Noticed Ijyb
  2029 | D:3      | Killed Ijyb
  2328 | D:3      | Found a transporter.
  2336 | D:3      | Noticed a kobold demonologist
  2355 | D:3      | Noticed a red devil
  2358 | D:3      | HP: 3/70 [red devil/trident[a kobold demonologist] (5)]
  2360 | D:3      | Killed from afar by a shadow imp

Skill      XL: |  1  2  3  4 |
---------------+-------------+-----
Axes           | 4 5 |  5.7
Fighting       | 4 |  4.8
Dodging        | 3 |  3.2
Polearms       | |  0.4
Armour         | |  2.9

Action                   |  1- 3 |  4- 6 || total
-------------------------+-------+-------++-------
Melee: Hand axe          |    66 |    14 ||    80
       Headbutt          |     7 |     9 ||    16
       Trident           |       |    51 ||    51
       Unarmed           |       |    13 ||    13
Throw: Stone             |     2 |       ||     2
Invok: Berserk           |     1 |     1 ||     2
Evoke: Wand              |       |     3 ||     3
  Use: Scroll            |     5 |     4 ||     9
       Potion            |     1 |     4 ||     5
  Eat: Chunk             |     2 |     3 ||     5
Armor: Animal skin       |     3 |       ||     3
       Robe              |     3 |       ||     3
       Ring mail         |     6 |    16 ||    22
       Leather armour    |     5 |       ||     5
       Chain mail        |       |    27 ||    27
Dodge: Dodged            |    58 |    55 ||   113
